 Dungeon Crawl Stone Soup version 0.30-a0-174-gbc10bd73c2 (webtiles) character file.

Game seed: 226320774877095744

75 qw the Chopper (level 4, -1/28 HPs)
             Began as a Gargoyle Fighter on Oct 1, 2022.
             Splashed by a jelly's acid (8 damage)
             ... on level 3 of the Dungeon.
             The game lasted 00:00:43 (1948 turns).

qw the Chopper (Gargoyle Fighter)                   Turns: 1948, Time: 00:00:43

Health: -1/28      AC:  0    Str: 21    XL:     4   Next: 31%
Magic:  4/4        EV:  7    Int:  9    God:
Gold:   62         SH:  4    Dex:  9    Spells: 3/3 levels left

rFire   . . .      SeeInvis .    Y - +0 war axe
rCold   . . .      Faith    .    c - +0 buckler
rNeg    + . .      Spirit   .    h - +0 chain mail
rPois   inf        Reflect  .    (no helmet)
rElec   +          Harm     .    (no cloak)
rCorr   .          Rampage  .    (no gloves)
Will    .....                    (no boots)
Stlth   ..........               (no amulet)
HPRegen 0.24/turn                (no ring)
MPRegen 0.09/turn                (no ring)

@: corroded
A: sickness immunity, AC +3, negative energy resistance 1, electricity
resistance, torment resistance 1, petrification resistance
a: no special abilities


You were on level 3 of the Dungeon.
You visited 1 branch of the dungeon, and saw 3 of its levels.

You collected 62 gold pieces.


Innate Abilities, Weirdness & Mutations

You are immune to sickness and miasma.
Your stone body is resilient. (AC +3)
You are immune to poison.
You resist negative energy. (rN+)
You are resistant to electric shocks. (rElec)
You are resistant to unholy torment.
You are immune to petrification.


   Skills:
 - Level 3.2 Fighting
 + Level 3.8 Axes
 - Level 1.0 Throwing
 - Level 3.2 Armour
 - Level 3.2 Shields


You had 3 spell levels left.
You didn't know any spells.
Your spell library was empty.

Inventory:

Hand Weapons
 i - a +0 flail
 Y - a +0 war axe (weapon)
Armour
 c - a +0 buckler (worn)
 h - a +0 chain mail (worn)
Scrolls
 f - a scroll of teleportation
Potions
 a - a potion of cancellation {unknown}
 b - a potion of curing
 d - 2 potions of might
 e - a potion of mutation {unknown}
 g - a potion of resistance {unknown}
 j - a potion of berserk rage {unknown}
 k - a potion of degeneration {unknown}
 l - a potion of lignification {unknown}

Dungeon Overview and Level Annotations

Branches:
Dungeon (3/15)

Altars:


Message History

You slash the ball python!
You kill the ball python!
You hear the slow rusting of a drain very nearby.
Found a club.
a - a metallic white potion
Enter note:
Found a stone staircase leading down.
Enter note: You hear the slow rusting of a drain very nearby.
Found a stone staircase leading down.
A goblin comes into view. It is wielding a +0 club.
The goblin shouts!
You slash the goblin!
You kill the goblin!
Found a stone staircase leading down.
There is a stone staircase leading down here.
i - a +0 flail You hear the slow rusting of a distant drain.
An endoplasm comes into view.
The endoplasm quivers.
The endoplasm moves out of view.
Enter note:
Enter note:
1931 ||| DROPPING +0 mace.
You drop a +0 mace.
You hit the endoplasm.
The endoplasm is lightly wounded.
The endoplasm hits you but does no damage. x2
You slash the endoplasm!
You kill the endoplasm!
A jelly comes into view.
You slash the jelly!
Your hands burn!
The jelly is severely wounded.
The jelly hits you. The acid corrodes you!
You are splashed with acid!
You hit the jelly but do no damage.
Your hands burn!
The jelly is severely wounded.
The jelly closely misses you. The jelly barely misses you.
You hit the jelly but do no damage. The acid corrodes you!
Your hands burn!
The jelly is severely wounded.
The jelly hits you. The acid corrodes you!
You are splashed with acid!
You die...

#... #..# .... #..#
#..# #######..#
#..........J$######
#..# #.@.......
#..# #.........
#..# #...######
#..# ####)..# #..#
#......# #..#
#.##..##
######..####.##..#
.................#
############.###.#


You could see a jelly.

Vanquished Creatures
  3 adders (D:2)
  2 worms (D:2)
  A dart slug (D:2)
  5 bats
  3 endoplasms
  3 giant cockroaches
  6 goblins
  5 kobolds
  A quokka (D:1)
  5 ball pythons
  5 frilled lizards
  5 rats
44 creatures vanquished.

Vanquished Creatures (others)
  4 toadstools (D:1)
4 creatures vanquished.

Grand Total: 48 creatures vanquished

Notes
Turn   | Place    | Note
-------+----------+-------------------------------------------
     0 | D:1      | qw the Gargoyle Fighter began the quest for the Orb.
     0 | D:1      | Reached XP level 1. HP: 14/14 MP: 1/1
     0 | D:1      | 0 ||| qw: Version: 0.2-a-13-gfc7b4b4
     0 | D:1      | 0 ||| qw: Game counter: 1851
     0 | D:1      | 0 ||| qw: Always use a shield: true
     0 | D:1      | 0 ||| qw: God list: Okawaru
     0 | D:1      | 0 ||| qw: Allow faded altars: false
     0 | D:1      | 0 ||| qw: Do Orc after D:15 true
     0 | D:1      | 0 ||| qw: Do second Lair branch before Depths: true
     0 | D:1      | 0 ||| qw: Lair rune preference: random
     0 | D:1      | 0 ||| qw: Plans: Normal, Zot:1-4, God:TSO, Crypt, Tomb,
                  | Pan, Slime:5, Hells, Abyss, Orb
     0 | D:1      | 0 ||| PLANNING D:1-11
    13 | D:1      | Found a faded altar of an unknown god.
   242 | D:1      | Reached XP level 2. HP: 19/19 MP: 2/2
   726 | D:1      | 726 ||| DROPPING +0 club.
   809 | D:1      | 809 ||| UPGRADING to +0 chain mail.
   819 | D:1      | 819 ||| DROPPING +0 scale mail.
   820 | D:1      | 820 ||| READING scroll labelled HIBBOTAMUUS.
   821 | D:1      | 821 ||| READING 2 scrolls labelled UFAUSS CEIZ.
   826 | D:1      | 826 ||| READING scroll labelled FEMEHAKYTA.
   878 | D:2      | 878 ||| STAIRDANCE
   887 | D:2      | 887 ||| STAIRDANCE
   960 | D:2      | Reached skill level 3 in Axes
   960 | D:2      | Reached XP level 3. HP: 15/23 MP: 3/3
  1003 | D:2      | Reached skill level 1 in Throwing
  1260 | D:2      | Reached XP level 4. HP: 25/28 MP: 4/4
  1376 | D:2      | 1376 ||| Stepping ~*~*~tactically~*~*~ (hiding).
  1713 | D:2      | 1713 ||| READING scroll labelled KYKURPHU UTWU.
  1714 | D:2      | 1714 ||| READING scroll labelled SOTOWELA KIEV.
  1715 | D:2      | 1715 ||| DRINKING 2 bubbling white potions.
  1772 | D:3      | 1772 ||| PLANNING SEWER
  1931 | D:3      | 1931 ||| DROPPING +0 mace.
  1948 | D:3      | HP: 7/28 [jelly (2)]
  1948 | D:3      | Splashed by a jelly's acid

Levels and vault maps discovered:
D:1:      ldierk_walled_garden_2, layout_basic,
          shapermc_ecumenical_altar_acropolis
D:2:      layout_loops_cross, serial_forest, infiniplex_forest_lined_2,
          infiniplex_forest_clump_small, infiniplex_forest_straight_1,
          infiniplex_forest_clump_long, dk_noncrumbling_3
D:3:      layout_loops_ring, nicolae_ru_sacrificial_ziggurat, minitemple,
          gup_sewer_entry_bubbles

Skill      XL: |  1  2  3 |
---------------+----------+-----
Axes           | 2 3 |  3.8
Throwing       | 1 |  1.0
Fighting       | |  3.2
Armour         | |  3.2
Shields        | |  3.2

Action                   |  1- 3 |  4- 6 || total
-------------------------+-------+-------++-------
Melee: War axe           |    98 |    31 ||   129
Throw: Javelin           |     8 |     4 ||    12
  Use: Scroll            |     3 |     2 ||     5
       Potion            |       |     1 ||     1
Armor: Scale mail        |    23 |       ||    23
       Chain mail        |    47 |    14 ||    61
Dodge: Dodged            |    53 |     7 ||    60
Block: Buckler           |    19 |     6 ||    25

Table legend:
 A = Non-vault XP
 B = Vault XP
 C = Vault XP percentage of total XP
 D = Non-vault monster count
 E = Vault monster count
 F = Vault count percentage of total count
                 A         B        C        D         E       F
            +---------+---------+-------+---------+---------+-------
      Total |     108 |       0 |   0.0 |      44 |       0 |   0.0
            +---------+---------+-------+---------+---------+-------
        D:1 |      23 |       0 |   0.0 |      15 |       0 |   0.0
        D:2 |      78 |       0 |   0.0 |      25 |       0 |   0.0
        D:3 |       7 |       0 |   0.0 |       4 |       0 |   0.0
            +---------+---------+-------+---------+---------+-------
